 Dungeon Crawl Stone Soup version 0.28-a0-1395-g4f6bc678fa (webtiles) character file.

Game seed: 8373056878581508039

664 Lekart the Slasher (level 7, -1/61 HPs)
             Began as a Green Draconian Chaos Knight on Jan 4, 2022.
             Was a Plaything of Xom.
             Splashed by a jelly's acid (10 damage)
             ... on level 4 of the Dungeon.
             The game lasted 00:05:43 (4016 turns).

Lekart the Slasher (Green Draconian Chaos Knight)   Turns: 4016, Time: 00:05:44

Health: -1/61      AC: -8    Str: 12 (14) XL:     7   Next: 31%
Magic:  7/7        EV: 12    Int: 13      God:    Xom [...*..]
Gold:   76         SH:  3    Dex: 10 (12) Spells: 6/6 levels left

rFire   . . .      SeeInvis .   m - +0 dagger (flame)
rCold   . . .      Faith    .   i - +0 buckler
rNeg    . . .      Spirit   .   (armour unavailable)
rPois   +          Reflect  .   e - +2 hat
rElec   .          Harm     .   (no cloak)
rCorr   .          Rampage  .   (no gloves)
Will    .....                   (no boots)
Stlth   +.........              (no amulet)
HPRegen 0.20/turn               f - +4 ring of protection
MPRegen 0.10/turn               (no ring)

@: corroded
A: breathe noxious fumes, AC +6, unfitting armour, poison resistance,
cold-blooded
a: Breathe Noxious Fumes, Renounce Religion


You were on level 4 of the Dungeon.
You worshipped Xom.
You were a favourite toy of Xom.
You visited 1 branch of the dungeon, and saw 4 of its levels.

You collected 76 gold pieces.

Inventory:

Hand Weapons
 a - a +0 falchion of chaos
 m - a +0 dagger of flaming (weapon)
Armour
 e - a +2 hat (worn)
 i - a +0 buckler (worn)
 n - an orb of energy
Jewellery
 f - a +4 ring of protection (left hand)
Wands
 c - a wand of charming (7)
Scrolls
 l - a scroll of enchant weapon
 o - 2 scrolls of teleportation
Potions
 b - a potion of curing


   Skills:
 + Level 5.0 Fighting
 + Level 3.1(4.6) Short Blades
 + Level 5.2(5.6) Long Blades
 + Level 4.4 Dodging
 + Level 1.3 Shields


You had 6 spell levels left.
You didn't know any spells.
Your spell library contained the following spells:

 Spells                   Type           Power      Damage    Failure   Level
 Magic Dart               Conj           0%         1d3       41%         1
 Searing Ray              Conj           0%         2d4       54%         2
 Fulminant Prism          Conj/Hex       0%         3d6       99%         4


Dungeon Overview and Level Annotations

Branches:
Dungeon (4/15)
 Temple: D:4-7

Altars:
Kikubaaqudgha

Shops:
D:1 (:

Annotations:
D:1 exclusion: downstairs
D:2 Robin, Sigmund
D:3 1 runed translucent door


Innate Abilities, Weirdness & Mutations

You can breathe blasts of noxious fumes.
Your lurid green scales are hard. (AC +6)
You cannot fit into any form of body armour.
Your system is resistant to poisons. (rPois)
You are cold-blooded and may be slowed by cold attacks.


Message History

The jelly is moderately wounded.
The jelly closely misses you.
The quokka bites you but does no damage.
You hit the jelly but do no damage.
Your hands burn!
The jelly is moderately wounded.
The jelly misses you.
The quokka bites you but does no damage.
Unknown command.
You hit the jelly. You burn the jelly. The acid corrodes you!
Your hands burn!
The jelly is heavily wounded.
The jelly completely misses you. The quokka bites you.
You hit the jelly but do no damage. The acid corrodes you!
Your hands burn!
The jelly is heavily wounded.
The jelly hits you.
You are splashed with acid!
You hit the jelly but do no damage. The acid corrodes you!
Your hands burn!
You tail-slap the jelly, but do no damage.
The jelly is heavily wounded.
The quokka barely misses you. The jelly misses you.
You hit the jelly but do no damage.
Your hands burn!
The jelly is heavily wounded.
The quokka bites you.
You are too injured to fight recklessly!
You are too injured to fight recklessly!
Okay, then.
You hit the jelly but do no damage.
Your hands burn!
You tail-slap the jelly.
The jelly is severely wounded.
The quokka bites you.
* * * LOW HITPOINT WARNING * * *
You emit a cloud of colourful smoke!
The jelly closely misses you.
You hit the jelly but do no damage. The acid corrodes you!
Your hands burn!
* * * LOW HITPOINT WARNING * * *
The jelly is severely wounded.
The quokka bites you.
* * * LOW HITPOINT WARNING * * *
The jelly hits you.
* * * LOW HITPOINT WARNING * * *
The acid corrodes you!
You are splashed with acid!
You die...
Xom thinks this is hilarious!

........$ ... ........###.(
............ .. .......#..#
... #.....#..##.#
..#...........#. ∆
......J.r.......
#.###@§...# # # ∆
.##...§§§...#.#...
..................
#..................#.#
#.#....#.....#.###..... ∆
.........#.........#.....
...........#.........#.....
...........#...............
...........#.##............


You could see a jelly and a quokka.

Vanquished Creatures
  The ghost of paps the Destroyer, a novice DECj (D:3)
  An ogre (D:3)
  A phantom (D:4)
  A scorpion (D:4)
  2 vampire bats (D:3)
  Natasha (D:4)
  3 adders
  2 worms
  A dart slug (D:1)
  6 orcs (D:3)
  5 bats
  6 bat skeletons (D:3)
  A bat zombie (D:3)
  8 endoplasms
  4 giant cockroaches
  9 goblins
  5 hobgoblins
  7 kobolds
  5 quokkas
  5 ball pythons
  5 frilled lizards
  3 rats (D:1)
82 creatures vanquished.

Notes
Turn   | Place    | Note
-------+----------+-------------------------------------------
     0 | D:1      | Lekart the Draconian Chaos Knight began the quest for the
                  | Orb.
     0 | D:1      | Reached XP level 1. HP: 19/19 MP: 1/1
    85 | D:1      | Reached XP level 2. HP: 22/26 MP: 2/2
   149 | D:1      | Found Zeimupre's Antique Weapon Shop.
   152 | D:1      | Found Qumeamit's Book Shop.
   626 | D:1      | XOM: silly message
   628 | D:1      | XOM: smoke on damage
   650 | D:1      | Reached XP level 3. HP: 14/33 MP: 3/3
  1148 | D:2      | Noticed Robin
  1322 | D:2      | Found a faded altar of an unknown god.
  1975 | D:2      | Noticed Sigmund
  2055 | D:3      | XOM: silly message
  2230 | D:3      | XOM: polymorph endoplasm -> kobold
  2391 | D:3      | Found a runed translucent door.
  2392 | D:3      | Noticed paps's ghost (novice DECj)
  2396 | D:3      | Reached XP level 4. HP: 36/40 MP: 4/4
  2462 | D:3      | Noticed an ogre
  2471 | D:3      | Killed an ogre
  2472 | D:3      | Reached XP level 5. HP: 16/46 MP: 5/5
  2866 | D:3      | XOM: 3-stop teleportation journey
  3012 | D:3      | XOM: cloud trail
  3082 | D:3      | Found an ancient bone altar of Kikubaaqudgha.
  3122 | D:3      | XOM: fake destruction
  3140 | D:3      | Reached skill level 5 in Long Blades
  3344 | D:3      | Found a runed translucent door.
  3439 | D:3      | XOM: divination: detect creatures
  3503 | D:3      | Reached skill level 1 in Short Blades
  3508 | D:3      | XOM: smoke on damage
  3517 | D:3      | XOM: confuse monster(s)
  3519 | D:3      | XOM: summons friendly ufetubus
  3522 | D:3      | Killed paps's ghost
  3523 | D:3      | Reached skill level 1 in Shields
  3523 | D:3      | Reached XP level 6. HP: 33/53 MP: 6/6
  3545 | D:3      | XOM: divination: magic mapping
  3730 | D:4      | Your scales start taking on a lurid green colour.
  3730 | D:4      | Reached XP level 7. HP: 49/60 MP: 7/7
  3730 | D:4      | Gained mutation: Your system is resistant to poisons.
                  | (rPois) [Green Draconian growth]
  3730 | D:4      | XOM: divination: detect items
  3928 | D:4      | XOM: cloud trail
  3939 | D:4      | Noticed Natasha
  3962 | D:4      | Killed Natasha
  3963 | D:4      | Reached skill level 5 in Fighting
  4015 | D:4      | XOM: smoke on damage
  4016 | D:4      | Splashed by a jelly's acid

Illustrated notes

Levels and vault maps discovered:
D:1:      minmay_arrival_four_loops, layout_basic, serial_shops,
          nicolae_shop_advertising_works [nicolae_subvault_shop_adworks],
          shop_statue, minmay_crystal_water
D:2:      minmay_general_purpose_star, layout_rooms,
          ebering_ecumenical_altar_petrified, minmay_goblin_kobold_house,
          uniq_robin, uniq_sigmund
D:3:      layout_loops_ring, kennysheep_vampire_church, ebering_ghost_sewer_f
D:4:      layout_basic, minmay_temple_entry_proselytizer,
          palyth_stone_intersect, uniq_natasha, uniq_ijyb

Skill      XL: |  1  2  3  4  5  6  7 |
---------------+----------------------+-----
Long Blades    | 4 5 |  5.2
Fighting       | 4 5 |  5.0
Dodging        | 3 4 |  4.4
Short Blades   | 2 3 |  3.1
Shields        | 1 |  1.3

Action                   |  1- 3 |  4- 6 |  7- 9 || total
-------------------------+-------+-------+-------++-------
Melee: Falchion          |   132 |       |       ||   132
       Tailslap          |    19 |    17 |     7 ||    43
       Dagger            |     2 |   135 |    89 ||   226
  Use: Potion            |       |     4 |       ||     4
       Scroll            |       |     4 |       ||     4
 Stab: Paralysed         |     2 |       |       ||     2
       Sleeping          |     1 |       |       ||     1
Armor: Skin              |    68 |    70 |    23 ||   161
Dodge: Dodged            |   128 |   107 |    42 ||   277
Block: Buckler           |     3 |    19 |     6 ||    28

Table legend: (Time is in decaauts)
 A = Elapsed time spent in this place.
 B = Non-inter-level travel time spent in this place.
 C = Inter-level travel time spent in this place.
 D = Time resting spent in this place.
 E = Time spent auto-exploring this place.
 F = Levels seen in this place.
 G = Mean time per level.
                   A        B        C        D        E       F      G
               +--------+--------+--------+--------+--------+-----+--------+
         Total |   4024 |   3871 |    153 |   1109 |   2056 |   4 | 1006.0 |
       Dungeon |   4024 |   3871 |    153 |   1109 |   2056 |   4 | 1006.0 |
               +--------+--------+--------+--------+--------+-----+--------+

Top non-repeatable levels by time:
     D:3: 1687 daAuts
     D:1: 1653 daAuts
     D:2: 366 daAuts
     D:4: 316 daAuts
